[Event "ICC tourney 2246 (120 10)"]
[Site "Internet Chess Club"]
[Date "2020.12.29"]
[Round "8"]
[White "PirateKing"]
[Black "aang07"]
[Result "0-1"]
[ICCResult "White resigns"]
[WhiteElo "866"]
[BlackElo "1130"]
[Opening "Queen's pawn, Mason variation"]
[ECO "D00"]
[NIC "QP.08"]
[Time "17:16:20"]
[PlyCount "60"]
[TimeControl "7200+10"]

1. d4 d5 2. Bf4 e6 3. Nf3 Bd6 4. Bxd6 Qxd6 5. e3 Nf6 6. Nbd2 b6 7. Bd3 Bb7
8. Qe2 Nbd7 9. c3 c5 10. O-O O-O 11. b3 Ne4 12. Nxe4 dxe4 13. dxc5 Nxc5 14.
Nd4 exd3 15. Qd2 Qd5 16. f3 e5 17. e4 Qd7 18. b4 Na4 19. Nf5 g6 20. Qg5 f6
21. Nh6+ Kg7 22. Nf5+ Kh8 23. Qd2 gxf5 24. exf5 Qxf5 25. Rae1 Rad8 26. Re4
Bxe4 27. fxe4 Qg5 28. Qxg5 fxg5 29. c4 Rxf1+ 30. Kxf1 d2 { White resigns }
0-1

[Event "ICC tourney 2246 (120 10)"]
[Site "Internet Chess Club"]
[Date "2020.12.29"]
[Round "8"]
[White "BArkadia"]
[Black "ltristam"]
[Result "1-0"]
[ICCResult "Black resigns"]
[WhiteElo "1043"]
[BlackElo "1297"]
[Opening "Evans gambit"]
[ECO "C52"]
[NIC "IG.05"]
[Time "17:16:32"]
[PlyCount "69"]
[TimeControl "7200+10"]

1. e4 e5 2. Nf3 Nc6 3. Bc4 Bc5 4. b4 Bxb4 5. c3 Ba5 6. d4 exd4 7. Nxd4 Nge7
8. O-O O-O 9. Qf3 Ne5 10. Qe2 Nxc4 11. Qxc4 d5 12. Qd3 c5 13. Nf5 Nxf5 14.
exf5 c4 15. Qf3 Qd7 16. f6 Qf5 17. fxg7 Qxf3 18. gxf8=Q+ Kxf8 19. gxf3 Bh3
20. Rd1 Ke7 21. Rxd5 Rg8+ 22. Rg5 Rd8 23. Bd2 Bc7 24. Rh5 Rg8+ 25. Rg5 Rd8
26. Rh5 Rg8+ 27. Bg5+ f6 28. Rxh7+ Ke6 29. Rxh3 Rxg5+ 30. Kf1 Ba5 31. Na3
Bxc3 32. Rc1 Bb2 33. Rxc4 Bxa3 34. f4 Rd5 35. Rxa3 { Black resigns } 1-0

[Event "ICC tourney 2246 (120 10)"]
[Site "Internet Chess Club"]
[Date "2020.12.29"]
[Round "8"]
[White "DanielHan"]
[Black "Lucasmoon17"]
[Result "1-0"]
[ICCResult "Black checkmated"]
[WhiteElo "157"]
[BlackElo "643"]
[Opening "Ruy Lopez: Cozio defense"]
[ECO "C60"]
[NIC "RL.04"]
[Time "17:16:23"]
[PlyCount "79"]
[TimeControl "7200+10"]

1. e4 e5 2. Nf3 Nc6 3. Bb5 Nge7 4. O-O a6 5. Ba4 Ng6 6. d4 d6 7. d5 b5 8.
Bxb5 axb5 9. dxc6 Bg4 10. h3 Bxf3 11. Qxf3 Be7 12. Nc3 O-O 13. Nd5 Nh4 14.
Qg4 Ng6 15. Nxe7+ Qxe7 16. Bg5 f6 17. Bh4 Nxh4 18. Qxh4 Ra4 19. b3 Rd4 20.
Rfd1 Rxd1+ 21. Rxd1 Ra8 22. Ra1 Ra6 23. a4 Qf7 24. Qg3 bxa4 25. bxa4 Rxc6
26. Qd3 Rb6 27. a5 Rb8 28. a6 Ra8 29. a7 c5 30. Qb5 Rf8 31. a8=Q Rxa8 32.
Rxa8+ Qf8 33. Rxf8+ Kxf8 34. Qc6 d5 35. exd5 e4 36. d6 f5 37. d7 e3 38.
d8=Q+ Kf7 39. Qdd7+ Kf8 40. Qcc8# { Black checkmated } 1-0

[Event "ICC tourney 2246 (120 10)"]
[Site "Internet Chess Club"]
[Date "2020.12.29"]
[Round "8"]
[White "Anichess2009"]
[Black "EChessPlayer"]
[Result "1-0"]
[ICCResult "Black checkmated"]
[WhiteElo "812"]
[BlackElo "1063"]
[Opening "Giuoco Pianissimo"]
[ECO "C50"]
[NIC "IG.02"]
[Time "17:17:01"]
[PlyCount "153"]
[TimeControl "7200+10"]

1. e4 e5 2. Nf3 Nc6 3. Bc4 Bc5 4. d3 Nf6 5. Be3 Bb6 6. Nc3 O-O 7. O-O d6 8.
h3 h6 9. Na4 Bxe3 10. fxe3 a6 11. Nc3 Bd7 12. d4 b5 13. Bd3 b4 14. dxe5
dxe5 15. Nd5 Nxd5 16. exd5 Ne7 17. Be4 Ng6 18. Qd2 a5 19. d6 Ra7 20. dxc7
Rxc7 21. Rac1 Ra7 22. Qd5 Be6 23. Qxd8 Rxd8 24. b3 a4 25. Bxg6 fxg6 26.
Nxe5 Kh7 27. Nc6 Rda8 28. Nxa7 Rxa7 29. Ra1 axb3 30. axb3 Rc7 31. Ra6 Bf5
32. Rc1 Bd3 33. Rd6 Be4 34. Rd4 Bb7 35. Rxb4 Ba8 36. Rc4 Re7 37. Ra4 Bc6
38. Ra6 Bd5 39. c4 Be4 40. c5 Re5 41. c6 Rg5 42. Ra2 Bf5 43. c7 Bxh3 44.
c8=Q Bxc8 45. Rxc8 Re5 46. Raa8 g5 47. Rh8+ Kg6 48. Ra6+ Kf7 49. Kf2 g4 50.
g3 Rf5+ 51. Ke2 Rf3 52. Ra7+ Kg6 53. Rg8 Rxg3 54. Rgxg7+ Kh5 55. Ra5+ Kh4
56. Rh7 Rg2+ 57. Kd3 Kg3 58. Rxh6 Kf2 59. Rah5 g3 60. Rf6+ Kg1 61. Rf3 Rb2
62. Kc3 Rg2 63. Rh3 Rh2 64. Rhxg3+ Rg2 65. Rxg2+ Kxg2 66. Rf4 Kg3 67. b4
Kg2 68. b5 Kg3 69. b6 Kg2 70. b7 Kg3 71. Kc4 Kg2 72. b8=Q Kg3 73. Rf1+ Kg2
74. Qf4 Kh3 75. Rf3+ Kg2 76. Qg3+ Kh1 77. Rf1# { Black checkmated } 1-0

[Event "ICC tourney 2246 (120 10)"]
[Site "Internet Chess Club"]
[Date "2020.12.29"]
[Round "8"]
[White "joefiler"]
[Black "IsaacCumes"]
[Result "0-1"]
[ICCResult "White checkmated"]
[WhiteElo "654"]
[BlackElo "962"]
[Opening "Four knights game"]
[ECO "C47"]
[NIC "KP.06"]
[Time "17:29:18"]
[PlyCount "76"]
[TimeControl "7200+10"]

1. e4 e5 2. Nf3 Nc6 3. Nc3 Nf6 4. d3 Bb4 5. Bd2 d5 6. a3 Bxc3 7. bxc3 dxe4
8. dxe4 Nxe4 9. Be3 Qxd1+ 10. Rxd1 Nxc3 11. Rc1 e4 12. Nd2 O-O 13. Bc4 Bf5
14. O-O a6 15. Nb3 b5 16. Nd4 bxc4 17. Nxf5 Ne2+ 18. Kh1 Nxc1 19. Rxc1 Rfd8
20. Bc5 Rd5 21. Ne7+ Nxe7 22. Bxe7 Rd7 23. Bb4 Rad8 24. Rf1 Rd1 25. Be1
R8d2 26. Kg1 Re2 27. Bc3 Rxf1+ 28. Kxf1 Rxc2 29. Bb4 c3 30. Ke1 f6 31. Kd1
Rxf2 32. g3 c2+ 33. Kc1 e3 34. Bc5 Rf1+ 35. Kb2 c1=Q+ 36. Kb3 Qxc5 37. h4
Rb1+ 38. Ka4 Qb5# { White checkmated } 0-1

[Event "ICC tourney 2246 (120 10)"]
[Site "Internet Chess Club"]
[Date "2020.12.29"]
[Round "8"]
[White "johnzabraham"]
[Black "Chessssssser"]
[Result "1/2-1/2"]
[ICCResult "Game drawn because neither player has mating material"]
[WhiteElo "1120"]
[BlackElo "1239"]
[Opening "QGD: exchange variation"]
[ECO "D35"]
[NIC "QO.16"]
[Time "17:16:39"]
[PlyCount "153"]
[TimeControl "7200+10"]

1. d4 d5 2. c4 e6 3. Nc3 Nf6 4. cxd5 Nxd5 5. e4 Nf6 6. Bg5 Be7 7. e5 Nd5 8.
Bxe7 Nxe7 9. Bd3 Nbc6 10. Nge2 O-O 11. Bc2 Nb4 12. a3 Nxc2+ 13. Qxc2 Nc6
14. Rd1 Qd7 15. O-O Rd8 16. f4 b6 17. Ne4 Ba6 18. Ng5 g6 19. Ne4 Kg7 20.
Nf6 Qe7 21. Qxc6 Bxe2 22. Rfe1 Bxd1 23. Rxd1 a5 24. Rd3 h6 25. g4 Rab8 26.
h4 b5 27. h5 Rb6 28. Qe4 c5 29. g5 Qb7 30. Qe2 Rxd4 31. Rxd4 cxd4 32. hxg6
fxg6 33. gxh6+ Kh8 34. Qd3 Qc6 35. Qxg6 Qc1+ 36. Kg2 Qd2+ 37. Kg3 Qe3+ 38.
Kh4 Qxf4+ 39. Ng4 Rb7 40. Qxe6 Qe4 41. Kh5 Qh1+ 42. Kg5 Qc1+ 43. Kg6 Qb1+
44. Qf5 Qxf5+ 45. Kxf5 d3 46. Ne3 Kh7 47. e6 Kxh6 48. Kf6 Kh5 49. e7 Rb8
50. Kf7 Kg5 51. e8=Q Rxe8 52. Kxe8 Kf4 53. Nd1 Kf3 54. Kd7 Ke2 55. Nc3+ Kd2
56. Nxb5 Kc2 57. Nc3 Kxb2 58. Nd1+ Kxa3 59. Kc6 Kb3 60. Kd5 a4 61. Kd4 Kc2
62. Ne3+ Kd2 63. Nc4+ Kc2 64. Ne3+ Kb3 65. Kxd3 a3 66. Nc2 a2 67. Na1+ Kb2
68. Nc2 Kb1 69. Kd2 Kb2 70. Kd3 Kb1 71. Na3+ Kb2 72. Nc2 Kb1 73. Na3+ Kb2
74. Nc2 Kb1 75. Na3+ Kb2 76. Nc2 a1=Q 77. Nxa1 { Game drawn because neither
player has mating material } 1/2-1/2

[Event "ICC tourney 2246 (120 10)"]
[Site "Internet Chess Club"]
[Date "2020.12.29"]
[Round "8"]
[White "oxdidi"]
[Black "RubyD"]
[Result "0-1"]
[ICCResult "White resigns"]
[WhiteElo "945"]
[BlackElo "1122"]
[Opening "King's pawn game"]
[ECO "C50"]
[NIC "IG.03"]
[Time "17:16:42"]
[PlyCount "76"]
[TimeControl "7200+10"]

1. e4 e5 2. Nf3 Nc6 3. Bc4 Nd4 4. Nxd4 exd4 5. O-O Bc5 6. c3 d6 7. cxd4
Bxd4 8. Nc3 Qg5 9. d3 Qg6 10. Qa4+ c6 11. Bxf7+ Kxf7 12. Qxd4 Bh3 13. g3
Bxf1 14. Kxf1 Ne7 15. Bf4 Rhd8 16. Qc4+ Qe6 17. Qb4 b6 18. Qa4 Kg8 19. Kg1
a5 20. Rc1 b5 21. Qd1 b4 22. Ne2 Qxa2 23. Qd2 c5 24. d4 Rac8 25. Bg5 Re8
26. dxc5 dxc5 27. Qd6 Qxb2 28. Kf1 Ng6 29. Rxc5 Rxc5 30. Qxc5 Qb1+ 31. Kg2
Qxe4+ 32. Kh3 Qxe2 33. Qd5+ Qe6+ 34. Qxe6+ Rxe6 35. Kg2 a4 36. Bc1 b3 37.
Bb2 Re2 38. Ba3 b2 { White resigns } 0-1

[Event "ICC tourney 2246 (120 10)"]
[Site "Internet Chess Club"]
[Date "2020.12.29"]
[Round "8"]
[White "pvegesana"]
[Black "Eleyn"]
[Result "1-0"]
[ICCResult "Black checkmated"]
[WhiteElo "1227"]
[BlackElo "1053"]
[Opening "Giuoco Pianissimo: Italian four knights variation"]
[ECO "C55"]
[NIC "IG.01"]
[Time "17:17:06"]
[PlyCount "137"]
[TimeControl "7200+10"]

1. e4 e5 2. Nf3 Nc6 3. Bc4 Nf6 4. Nc3 Bc5 5. d3 d6 6. h3 h6 7. O-O Be6 8.
Nd5 Na5 9. Nxf6+ Qxf6 10. Bxe6 fxe6 11. Be3 Bb6 12. c3 Nc6 13. Qd2 O-O 14.
Rad1 Qg6 15. Qe2 d5 16. exd5 exd5 17. d4 exd4 18. Nxd4 Rae8 19. Nxc6 Qxc6
20. Qd3 Rd8 21. Rfe1 Rf6 22. a3 Rg6 23. Bxb6 Qxb6 24. Re7 Rf8 25. Qxd5+ Kh7
26. Rd2 Kh8 27. Qe4 Rd6 28. Re8 Rxe8 29. Qxe8+ Kh7 30. Qe4+ Rg6 31. h4 h5
32. Rd5 Kh6 33. Qf4+ Kh7 34. Rxh5+ Kg8 35. Qc4+ Kf8 36. Rf5+ Rf6 37. Rxf6+
Qxf6 38. Qc5+ Kg8 39. Qxc7 Qxh4 40. Qc8+ Kh7 41. Qh3 Qxh3 42. gxh3 Kg6 43.
Kg2 Kf6 44. Kf3 Ke5 45. Ke3 Kd5 46. Kd3 b6 47. b3 Kc5 48. c4 b5 49. cxb5
Kxb5 50. Kd4 a5 51. f4 a4 52. bxa4+ Kxa4 53. f5 Kxa3 54. Ke5 Kb4 55. Ke6
Kc5 56. Kf7 Kd6 57. Kxg7 Ke5 58. f6 Ke6 59. f7 Kf5 60. f8=Q+ Ke4 61. h4 Ke5
62. h5 Ke6 63. h6 Kd7 64. h7 Kc7 65. Qf6 Kc8 66. h8=Q+ Kb7 67. Kg6 Ka7 68.
Qh7+ Kb8 69. Qfh8# { Black checkmated } 1-0

[Event "ICC tourney 2246 (120 10)"]
[Site "Internet Chess Club"]
[Date "2020.12.29"]
[Round "8"]
[White "Poorvi123"]
[Black "mimzhang"]
[Result "1-0"]
[ICCResult "Black checkmated"]
[WhiteElo "752"]
[BlackElo "984"]
[Opening "Giuoco Piano"]
[ECO "C50"]
[NIC "IG.02"]
[Time "17:16:32"]
[PlyCount "65"]
[TimeControl "7200+10"]

1. e4 e5 2. Nf3 Nc6 3. Bc4 Bc5 4. O-O Nf6 5. d3 d6 6. Bg5 h6 7. Bxf6 Qxf6
8. Nc3 Bg4 9. Nd5 Qd8 10. h3 Bh5 11. g4 Bg6 12. Nh4 h5 13. Nxg6 fxg6 14. b4
Nxb4 15. Nxb4 Bxb4 16. Qf3 Rf8 17. Qe2 Qe7 18. gxh5 Qg5+ 19. Qg4 Qxh5 20.
Qxh5 gxh5 21. Rab1 a5 22. Kg2 O-O-O 23. Be6+ Kb8 24. Bd5 g5 25. Ra1 Bc3 26.
Rab1 b6 27. Rb3 Bd4 28. c3 Bc5 29. f3 Be3 30. Rfb1 Rf6 31. Ra3 Rg6 32. Rxa5
g4 33. Ra8# { Black checkmated } 1-0

[Event "ICC tourney 2246 (120 10)"]
[Site "Internet Chess Club"]
[Date "2020.12.29"]
[Round "8"]
[White "ethanz1606"]
[Black "kitook"]
[Result "1-0"]
[ICCResult "Black checkmated"]
[WhiteElo "1164"]
[BlackElo "426"]
[Opening "QGD: Cambridge Springs defense"]
[ECO "D52"]
[NIC "QO.15"]
[Time "17:16:30"]
[PlyCount "127"]
[TimeControl "7200+10"]

1. d4 d5 2. c4 e6 3. Nc3 Nf6 4. Bg5 Nbd7 5. Nf3 c6 6. e3 Qa5 7. Qc2 Bb4 8.
cxd5 cxd5 9. Bd3 Bxc3+ 10. Qxc3 Qxc3+ 11. bxc3 Ne4 12. Bxe4 dxe4 13. Nd2 h6
14. Bf4 Nf6 15. Be5 Bd7 16. Bxf6 gxf6 17. Nxe4 f5 18. Nf6+ Kd8 19. Rb1 Bc6
20. f3 Ke7 21. Nh5 Rhg8 22. Kf2 Rg5 23. Nf4 f6 24. h4 Rg7 25. Nd3 Rag8 26.
Rhg1 Kd6 27. c4 e5 28. c5+ Ke6 29. Nb4 Bd5 30. Nxd5 Kxd5 31. Rbd1 e4 32. f4
Rg4 33. g3 a5 34. Rb1 Kc6 35. Rb6+ Kd5 36. Rc1 Rd8 37. Rxf6 h5 38. Rxf5+
Ke6 39. Rxh5 Rd5 40. Rh6+ Kf7 41. Rd6 Rxd6 42. cxd6 Ke6 43. Rc7 Kxd6 44.
Rxb7 Kc6 45. Ra7 Kb6 46. Re7 Kb5 47. Rxe4 Kb4 48. Kf3 Rg6 49. Re5 Ra6 50.
Rc5 Ka3 51. Rc2 a4 52. h5 Rb6 53. d5 Rd6 54. e4 Rd7 55. h6 Rh7 56. d6 Rxh6
57. e5 Rh8 58. d7 Rd8 59. e6 Kb4 60. e7 Rxd7 61. e8=Q Rd3+ 62. Ke4 Rd1 63.
Qb8+ Ka3 64. Qb2# { Black checkmated } 1-0

[Event "ICC tourney 2246 (120 10)"]
[Site "Internet Chess Club"]
[Date "2020.12.29"]
[Round "8"]
[White "boxingguy2469x"]
[Black "ryan2007"]
[Result "1-0"]
[ICCResult "Black resigns"]
[WhiteElo "1048"]
[BlackElo "1155"]
[Opening "Sicilian, Chekhover variation"]
[ECO "B53"]
[NIC "SI.02"]
[Time "17:16:25"]
[PlyCount "109"]
[TimeControl "7200+10"]

1. e4 c5 2. Nf3 d6 3. d4 cxd4 4. Qxd4 Nc6 5. Bb5 Qa5+ 6. Nc3 Qxb5 7. Nxb5
Nxd4 8. Nfxd4 Kd8 9. O-O Nf6 10. Nc3 Bd7 11. Re1 e5 12. Nb3 Be6 13. Bg5 Be7
14. Rad1 Kd7 15. h3 b6 16. Rd2 h6 17. Bh4 g5 18. Bg3 a6 19. Bxe5 Rac8 20.
Red1 Rhg8 21. Bxd6 Ke8 22. Bxe7 Kxe7 23. Rd6 Nd7 24. a4 g4 25. h4 Rgd8 26.
a5 Rb8 27. axb6 Nxb6 28. Rxd8 Rxd8 29. Rxd8 Kxd8 30. Nc5 Bc8 31. Kh2 Kc7
32. Nd5+ Nxd5 33. exd5 Kd6 34. Ne4+ Kxd5 35. Nf6+ Ke5 36. Ne8 Bf5 37. c3
Ke4 38. Nd6+ Ke5 39. Nxf5 Kxf5 40. Kg3 Ke4 41. Kxg4 Kd3 42. Kh5 Kc2 43. c4
Kxb2 44. c5 a5 45. c6 a4 46. c7 a3 47. c8=Q a2 48. Qh8+ Kb1 49. Qb8+ Kc2
50. Qc7+ Kb2 51. Qb6+ Kc2 52. Qc5+ Kb3 53. Qd5+ Kb2 54. Qd2+ Kb3 55. Qc1 {
Black resigns } 1-0

[Event "ICC tourney 2246 (120 10)"]
[Site "Internet Chess Club"]
[Date "2020.12.29"]
[Round "8"]
[White "lucasnc"]
[Black "baldwinsthename"]
[Result "1/2-1/2"]
[ICCResult "Game drawn by mutual agreement"]
[WhiteElo "877"]
[BlackElo "1215"]
[Opening "Queen's pawn game"]
[ECO "A45"]
[NIC "QP.07"]
[Time "17:16:29"]
[PlyCount "108"]
[TimeControl "7200+10"]

1. d4 Nf6 2. Nc3 e6 3. e4 Bb4 4. f3 c6 5. e5 Nd5 6. Bd2 Qa5 7. Nxd5 Bxd2+
8. Qxd2 Qxd2+ 9. Kxd2 exd5 10. c4 b6 11. f4 Ke7 12. Nf3 h6 13. Bd3 d6 14.
Rhe1 Bg4 15. h3 Bxf3 16. gxf3 dxc4 17. Bxc4 d5 18. Bb3 Nd7 19. Rac1 Rac8
20. f5 b5 21. e6 Nb6 22. exf7+ Kxf7 23. Re6 Nc4+ 24. Bxc4 bxc4 25. Rce1 Rc7
26. b3 Rb8 27. Kc3 cxb3 28. axb3 a5 29. Rg6 c5 30. Reg1 cxd4+ 31. Kxd4 Rb4+
32. Kxd5 Rd7+ 33. Ke5 Rb5+ 34. Ke4 Rb4+ 35. Ke5 Re7+ 36. Kd5 Rxb3 37. Rxg7+
Kf6 38. Rxe7 Kxe7 39. Ke4 h5 40. Ra1 Rb4+ 41. Kd3 a4 42. Ke3 Kf6 43. Kf2
Kxf5 44. Kg3 h4+ 45. Kf2 Kf4 46. Kg2 Rc4 47. Kf2 Rc2+ 48. Kg1 Kxf3 49. Rxa4
Kg3 50. Ra3+ Kf4 51. Ra4+ Kf3 52. Rxh4 Kg3 53. Rg4+ Kxh3 54. Rg8 Ra2 { Game
drawn by mutual agreement } 1/2-1/2

[Event "ICC tourney 2246 (120 10)"]
[Site "Internet Chess Club"]
[Date "2020.12.29"]
[Round "8"]
[White "OS99"]
[Black "DWilston"]
[Result "0-1"]
[ICCResult "White checkmated"]
[WhiteElo "891"]
[BlackElo "976"]
[Opening "Ruy Lopez: open (Tarrasch) defense"]
[ECO "C80"]
[NIC "RL.27"]
[Time "17:16:38"]
[PlyCount "66"]
[TimeControl "7200+10"]

1. e4 e5 2. Nf3 Nc6 3. Bb5 a6 4. Ba4 Nf6 5. O-O Nxe4 6. Re1 Nf6 7. Nxe5
Nxe5 8. Rxe5+ Be7 9. Nc3 O-O 10. d3 d6 11. Re1 Bf5 12. Bf4 d5 13. Qe2 Bb4
14. Qe5 d4 15. Qxf5 dxc3 16. Reb1 cxb2 17. Rxb2 Bc3 18. Rbb1 Bxa1 19. Rxa1
Qd4 20. Be5 Qxa4 21. Bxf6 gxf6 22. Re1 Qc6 23. Re4 Rfe8 24. Rg4+ Kf8 25. h3
Re1+ 26. Kh2 Rae8 27. Qxh7 Ke7 28. Rg7 Kd8 29. Rxf7 R1e7 30. Rxe7 Rxe7 31.
Qg8+ Re8 32. Qf7 Qd6+ 33. Kh1 Re1# { White checkmated } 0-1

[Event "ICC tourney 2246 (120 10)"]
[Site "Internet Chess Club"]
[Date "2020.12.29"]
[Round "8"]
[White "e4h5"]
[Black "ThorGodOfBlitz"]
[Result "1-0"]
[ICCResult "Black checkmated"]
[WhiteElo "1239"]
[BlackElo "1130"]
[Opening "Giuoco Piano: Greco's attack"]
[ECO "C54"]
[NIC "IG.02"]
[Time "17:16:38"]
[PlyCount "57"]
[TimeControl "7200+10"]

1. e4 e5 2. Nf3 Nc6 3. Bc4 Bc5 4. c3 Nf6 5. d4 exd4 6. cxd4 Bb4+ 7. Nc3 d5
8. exd5 Bxc3+ 9. bxc3 Nxd5 10. O-O O-O 11. Qd3 Nf6 12. Re1 Re8 13. Bg5 Bg4
14. Rxe8+ Qxe8 15. Bxf6 gxf6 16. Re1 Qf8 17. h3 Bxf3 18. Qxf3 Re8 19. Rxe8
Qxe8 20. Qxf6 Qe7 21. Qh6 Qe1+ 22. Kh2 Qxc3 23. Qg5+ Kf8 24. Qc5+ Kg7 25.
Qg5+ Kf8 26. Qd5 Ke8 27. Qxf7+ Kd8 28. Be6 Nxd4 29. Qd7# { Black checkmated
} 1-0

[Event "ICC tourney 2246 (120 10)"]
[Site "Internet Chess Club"]
[Date "2020.12.29"]
[Round "8"]
[White "standingwriter"]
[Black "Bouchard140"]
[Result "1-0"]
[ICCResult "Black resigns"]
[WhiteElo "1050"]
[BlackElo "1250"]
[Opening "Four knights: Ranken variation"]
[ECO "C48"]
[NIC "KP.03"]
[Time "17:16:30"]
[PlyCount "73"]
[TimeControl "7200+10"]

1. e4 Nf6 2. Nc3 Nc6 3. Nf3 e5 4. Bb5 a6 5. Bxc6 dxc6 6. Nxe5 Bd6 7. Nf3
Bg4 8. h3 Bxf3 9. Qxf3 O-O 10. d4 Bb4 11. Qd3 Bxc3+ 12. bxc3 h6 13. O-O Re8
14. Re1 b5 15. e5 Nd5 16. Qg3 Kh8 17. Re4 Re6 18. Rg4 Qf8 19. f4 f5 20. Rg6
Rxg6 21. Qxg6 Nxc3 22. Qxc6 Ne2+ 23. Kh2 Nxd4 24. Qxc7 Rc8 25. Qa7 Nxc2 26.
Rb1 Na3 27. Bxa3 Qxa3 28. Rxb5 Qc1 29. Rb4 Qa3 30. Rb8 Qc1 31. Rxc8+ Qxc8
32. Qf7 Qc1 33. Qxf5 Qd2 34. e6 Qd6 35. Qf7 Qd5 36. Qf8+ Kh7 37. e7 { Black
resigns } 1-0

[Event "ICC tourney 2246 (120 10)"]
[Site "Internet Chess Club"]
[Date "2020.12.29"]
[Round "8"]
[White "falcon2020"]
[Black "acgc"]
[Result "1-0"]
[ICCResult "Black checkmated"]
[WhiteElo "1213"]
[BlackElo "946"]
[Opening "Queen's pawn, Mason variation"]
[ECO "D00"]
[NIC "QP.08"]
[Time "17:16:54"]
[PlyCount "133"]
[TimeControl "7200+10"]

1. d4 d5 2. Bf4 Bf5 3. e3 Nf6 4. c3 Nc6 5. Nf3 e6 6. Bb5 Bd6 7. Ne5 Bxe5 8.
Bxe5 a6 9. Bd3 Nxe5 10. Bxf5 exf5 11. dxe5 Ng4 12. Qf3 Qd7 13. Qg3 Rg8 14.
h3 Nh6 15. f4 O-O-O 16. Nd2 Qe6 17. O-O-O f6 18. Nf3 Nf7 19. Nd4 Qe8 20.
Nxf5 g6 21. Nd4 fxe5 22. fxe5 Nxe5 23. Rhf1 Nc4 24. Rf6 Qxe3+ 25. Qxe3 Nxe3
26. Rd2 Rgf8 27. Rff2 Rde8 28. Rde2 c5 29. Rxf8 Rxf8 30. Rxe3 cxd4 31. cxd4
Rf1+ 32. Kd2 Rf2+ 33. Re2 Rxe2+ 34. Kxe2 Kd7 35. Ke3 Ke6 36. Kf4 Kf6 37. h4
g5+ 38. hxg5+ Ke6 39. g4 b5 40. b4 Kd6 41. Kf5 Ke7 42. g6 hxg6+ 43. Kxg6
Ke6 44. Kh6 Kf6 45. g5+ Kf5 46. g6 Ke4 47. g7 Kxd4 48. g8=Q Kc4 49. Qa8 d4
50. Qxa6 d3 51. Qc6+ Kxb4 52. Qc1 Ka4 53. Kg5 Kb4 54. Kf4 d2 55. Qxd2+ Kc5
56. Qc2+ Kd5 57. Qc3 Kd6 58. a4 bxa4 59. Qb4+ Kd5 60. Qxa4 Kc5 61. Ke4 Kd6
62. Qb5 Ke6 63. Qc6+ Ke7 64. Kf5 Kd8 65. Qb7 Ke8 66. Ke6 Kd8 67. Qb8# {
Black checkmated } 1-0

[Event "ICC tourney 2246 (120 10)"]
[Site "Internet Chess Club"]
[Date "2020.12.29"]
[Round "8"]
[White "cfetteroll"]
[Black "citation"]
[Result "1-0"]
[ICCResult "Black resigns"]
[WhiteElo "1275"]
[BlackElo "892"]
[Opening "Queen's pawn game"]
[ECO "D00"]
[NIC "QP.08"]
[Time "17:16:30"]
[PlyCount "49"]
[TimeControl "7200+10"]

1. d4 d5 2. g3 e6 3. Bg2 Nf6 4. Bg5 Be7 5. Bxf6 Bxf6 6. e3 O-O 7. Ne2 a6 8.
O-O Nd7 9. c4 dxc4 10. Qc2 Nb6 11. Nd2 Qe7 12. Nxc4 Nxc4 13. Qxc4 c6 14.
Rac1 Rd8 15. Qc5 Qxc5 16. Rxc5 Be7 17. Rc4 Rd7 18. Rfc1 Rc7 19. a3 Bd7 20.
d5 Rac8 21. dxc6 bxc6 22. Bxc6 Bxc6 23. Nd4 Bb5 24. Rxc7 Rxc7 25. Rxc7 {
Black resigns } 1-0

[Event "ICC tourney 2246 (120 10)"]
[Site "Internet Chess Club"]
[Date "2020.12.29"]
[Round "8"]
[White "joshebow"]
[Black "buptwy"]
[Result "1-0"]
[ICCResult "Black checkmated"]
[WhiteElo "673"]
[BlackElo "830"]
[Opening "Grünfeld defense"]
[ECO "D80"]
[NIC "GI.03"]
[Time "17:16:46"]
[PlyCount "99"]
[TimeControl "7200+10"]

1. c4 Nf6 2. Nc3 d5 3. d4 g6 4. g3 Bg7 5. Bg2 e6 6. Nf3 O-O 7. O-O Nc6 8.
Bf4 a6 9. Qd2 dxc4 10. Rfd1 Re8 11. Ne5 Nxe5 12. dxe5 Qxd2 13. Rxd2 Nd7 14.
Rad1 Nxe5 15. Rd8 Rxd8 16. Rxd8+ Bf8 17. Bxe5 f5 18. Nd5 Kf7 19. Nxc7 Ke7
20. Nxa8 Kxd8 21. Nc7 Be7 22. Bh3 b5 23. g4 Bb7 24. Nxe6+ Kd7 25. gxf5 gxf5
26. Bxf5 Kc6 27. Be4+ Kd7 28. Bxb7 Kxe6 29. Bg3 a5 30. Ba6 c3 31. bxc3 b4
32. cxb4 Bxb4 33. a4 Kd5 34. f4 Bc5+ 35. Bf2 Bxf2+ 36. Kxf2 Ke4 37. e3 Kf5
38. Bd3+ Ke6 39. f5+ Kf6 40. e4 Ke5 41. Kf3 Kf6 42. Kf4 Ke7 43. e5 Kf7 44.
f6 Kg8 45. e6 Kf8 46. e7+ Kf7 47. Bc4+ Kxf6 48. e8=Q Kg7 49. Qe6 Kh8 50.
Qg8# { Black checkmated } 1-0

[Event "ICC tourney 2246 (120 10)"]
[Site "Internet Chess Club"]
[Date "2020.12.29"]
[Round "8"]
[White "GagikG2009"]
[Black "potatos22"]
[Result "1-0"]
[ICCResult "Black checkmated"]
[WhiteElo "1130"]
[BlackElo "1088"]
[Opening "Grünfeld with Bf4 & e3"]
[ECO "D93"]
[NIC "GI.07"]
[Time "17:16:41"]
[PlyCount "85"]
[TimeControl "7200+10"]

1. d4 Nf6 2. c4 g6 3. Nc3 d5 4. Nf3 Bg7 5. Bf4 O-O 6. e3 c5 7. dxc5 Qa5 8.
Qb3 dxc4 9. Bxc4 Qxc5 10. O-O Nc6 11. Rfd1 Bg4 12. Be2 Na5 13. Qb5 Qxb5 14.
Nxb5 a6 15. Nc3 Rac8 16. h3 Bf5 17. g4 Be4 18. g5 Bxf3 19. Bxf3 Nh5 20.
Bxh5 gxh5 21. Rac1 Nc4 22. Rc2 Rfd8 23. Rxd8+ Rxd8 24. Na4 Rd1+ 25. Kg2 b5
26. b3 Nd6 27. Nc5 a5 28. Bxd6 Rxd6 29. Nb7 Ra6 30. Rc5 a4 31. Rxb5 axb3
32. axb3 Bc3 33. Nc5 Ra2 34. b4 Bd2 35. Kf3 Be1 36. Nd3 Bc3 37. Rb8+ Kg7
38. b5 Ba5 39. Ra8 Rd2 40. Nf4 Bb6 41. Nxh5+ Kg6 42. Kg4 Rb2 43. Rg8# {
Black checkmated } 1-0

[Event "ICC tourney 2246 (120 10)"]
[Site "Internet Chess Club"]
[Date "2020.12.29"]
[Round "8"]
[White "caracleliem2"]
[Black "DaveGriffin"]
[Result "1-0"]
[ICCResult "Black resigns"]
[WhiteElo "1152"]
[BlackElo "1124"]
[Opening "French: Schlechter variation"]
[ECO "C01"]
[NIC "FR.01"]
[Time "17:16:36"]
[PlyCount "133"]
[TimeControl "7200+10"]

1. e4 e6 2. d4 d5 3. Bd3 c5 4. c3 cxd4 5. cxd4 Nc6 6. Nf3 Nf6 7. e5 Nd7 8.
O-O Qb6 9. Be2 Be7 10. Nc3 f6 11. Bf4 O-O 12. Rb1 fxe5 13. Bxe5 Ndxe5 14.
dxe5 a6 15. Qd2 Qc7 16. Qe3 Bd7 17. Bd3 h6 18. Bc2 Nb4 19. Rbc1 Bc5 20. Qd2
Nc6 21. Qd3 Rf5 22. Nxd5 Nxe5 23. Nxc7 Nxd3 24. Bxd3 Rc8 25. Bxf5 Rxc7 26.
Bd3 a5 27. Rfd1 b6 28. Ne5 Be8 29. Bc4 Re7 30. Nd3 Bd6 31. Re1 Bf7 32. Ne5
Be8 33. Nf3 Bf7 34. Bd3 Bc5 35. Ne5 Be8 36. Ng6 Bxg6 37. Bxg6 e5 38. g3 Re6
39. Bd3 Kf8 40. Kg2 Rf6 41. f3 Bd4 42. b3 Rd6 43. Rc8+ Ke7 44. f4 Kf6 45.
fxe5+ Bxe5 46. Rf1+ Ke7 47. Be2 Rd2 48. Kf3 Rxa2 49. Rc6 Bd4 50. Rc7+ Kd6
51. Rc4 Bf6 52. Rd1+ Ke5 53. Re4+ Kf5 54. Rd5+ Kg6 55. Rg4+ Kf7 56. Bc4 Kf8
57. h4 a4 58. bxa4 Ra3+ 59. Rd3 Rxa4 60. Bb5 Rxg4 61. Kxg4 Ke7 62. Kf5 Ba1
63. Rd7+ Kf8 64. Rd6 Bc3 65. Rxb6 Be1 66. Rb8+ Ke7 67. Re8+ { Black resigns
} 1-0